 Dungeon Crawl Stone Soup version 0.22-a0-553-g9358b0b (webtiles) character file.

1573 iamserjio the Cleaver (level 8, 49/49 HPs)
             Began as a Gargoyle Fighter on June 25, 2018.
             Quit the game on level 7 of the Dungeon.
             The game lasted 00:14:52 (2203 turns).

iamserjio the Cleaver (Gargoyle Fighter)            Turns: 2203, Time: 00:14:53

Health: 49/49      AC: 20    Str: 22    XL:     8   Next: 90%
Magic:  8/8        EV:  4    Int:  8    God:
Gold:   202        SH: 10    Dex: 10    Spells: 7/7 levels left

rFire    . . .     SeeInvis .   a - +1 war axe
rCold    . . .     Gourm    .   c - +0 shield
rNeg     + . .     Faith    .   e - +0 plate armour
rPois    ∞         Spirit   .   (no helmet)
rElec    +         Reflect  .   (no cloak)
rCorr    .         Harm     .   m - +1 pair of gloves
MR       .....                  (no boots)
Stlth    ..........             (no amulet)
HPRegen  0.16/turn              (no ring)
MPRegen  0.11/turn              (no ring)

@: no status effects
A: negative energy resistance 1, electricity resistance, unbreathing,
petrification resistance, rot immunity, AC +5
a: no special abilities


You were on level 7 of the Dungeon.
You were near starving.

You visited 2 branches of the dungeon, and saw 9 of its levels.
You also visited: Sewer.

You collected 202 gold pieces.

Inventory:

Hand Weapons
 a - a +1 war axe (weapon)
 l - a +0 hand axe of chopping
Missiles
 g - 4 needles of confusion
 j - 2 tomahawks (quivered)
 k - 35 stones
 p - 18 poisoned needles
Armour
 b - a +0 scale mail
 c - a +0 shield (worn)
 e - a +0 plate armour (worn)
 m - a +1 pair of gloves (worn)
Wands
 o - a wand of clouds (6)
 v - a wand of random effects (26)
 x - a wand of disintegration (11)
Scrolls
 d - a scroll of identify {unknown}
 h - 4 scrolls of teleportation
Potions
 i - 4 potions of flight
 n - 3 potions of brilliance {unknown}
 q - a potion of curing {unknown}
 r - a potion of cancellation {unknown}
 w - 4 potions of heal wounds {unknown}
Comestibles
 f - 6 rations


   Skills:
 + Level 5.0 Fighting
 * Level 8.4 Axes
 + Level 5.0 Armour
 + Level 5.0 Shields


You had 7 spell levels left.
You didn't know any spells.
Your spell library was empty.

Dungeon Overview and Level Annotations

Branches:
Dungeon (8/15)             Temple (1/1) D:7
   Lair: D:8-11

Altars:
Cheibriados
Dithmenos
Elyvilon
Gozag
Hepliaklqana
Kikubaaqudgha
Nemelex Xobeh
Qazlal
Trog
Uskayaw
Wu Jian
Xom
Yredelemnul

Shops:
D:7 }

Annotations:
D:7 Amnesiac's ghost, novice SpWn


Innate Abilities, Weirdness & Mutations

You are resistant to torment.
Your stone body is resilient. (AC +5)
You are immune to poison.
You resist negative energy. (rN+)
You are resistant to electric shocks. (rElec)
You can survive without breathing.
You are immune to petrification.
You are immune to rotting.


Message History

Found an ornate altar of the Wu Jian Council.
Unknown command.
(D) Dungeon (T) Temple
Where to? (Enter - D:7 @ (x,y), ? - help)
What level of the Dungeon? (default 7, ? - help)
There is a staircase back to the Dungeon here.
You climb upwards.
Welcome back to the Dungeon!
Level annotation: Amnesiac's ghost, novice SpWn
There is a staircase to the Ecumenical Temple here.
There is an open door here.
There is an open door here.
There is an open door here.
HP restored.
There is a stone staircase leading up here.
You climb upwards.
There is a stone staircase leading down here.
You climb downwards.
Level annotation: Amnesiac's ghost, novice SpWn
There is a stone staircase leading up here.
Are you sure you want to abandon this character and quit the game? (Confirm with "yes".)

....# #.....#####,,,,,*,,,,*
....# #.....#...#.....#....#
....#####.....#...#.....#....#
####..........#...#.....#....#
...#..........#...#.....#....#
...'..........#...#.....#....#
...#..........##'##.....#....#
...#....................#...#####
...#............@.......'...#....
...#....................#...#....
...#....................#...#....
...#....................#...'....
...######################...#....
,,,,,,,,,,,*,,,,,,,,,,,,#...#....
,,,,,,,,,,,*,,,,,,,,,,,,#...#....
,,,,,,,,,,,*,,,,,,,,,,,,+...#....
,,,,,,,,,,,*,,,,,,,,,,,,#...#....


There were no monsters in sight!

Vanquished Creatures
  A steam dragon (D:7)
  Menkaure (D:7)
  2 ice beasts (D:6)
  A sky beast (D:5)
  An orc warrior (D:8)
  A phantom (D:4)
  3 ogres
  A bullfrog (D:3)
  2 crimson imps
  2 hounds
  An orc priest (D:5)
  3 orc wizards
  A merfolk siren (Sewer)
  A worker ant (D:7)
  A merfolk avatar (Sewer)
  A howler monkey zombie (D:6)
  A worker ant zombie (D:6)
  9 adders
  3 river rats
  3 oozes
  An adder skeleton (D:6)
  4 worms (D:3)
  A dart slug (D:2)
  4 leopard geckos
  4 orcs
  7 bats
  4 giant cockroaches
  3 goblins
  9 hobgoblins
  5 jackals
  3 quokkas
  5 ball pythons
  8 frilled lizards
  3 kobolds
  A leopard gecko skeleton (D:7)
  27 rats
128 creatures vanquished.

Vanquished Creatures (others)
  An adder (D:6)
1 creature vanquished.

Grand Total: 129 creatures vanquished

Notes
Turn   | Place    | Note
-------+----------+-------------------------------------------
     0 | D:1      | iamserjio the Gargoyle Fighter began the quest for the Orb.
     0 | D:1      | Reached XP level 1. HP: 14/14 MP: 1/1
    27 | D:1      | Reached skill level 2 in Axes
    63 | D:2      | Reached XP level 2. HP: 10/19 MP: 2/2
   166 | D:2      | Reached skill level 3 in Axes
   173 | D:2      | Reached XP level 3. HP: 20/23 MP: 3/3
   193 | D:2      | Found a shimmering altar of Xom.
   317 | D:3      | Reached XP level 4. HP: 21/28 MP: 4/4
   356 | D:3      | Reached skill level 4 in Axes
   358 | D:3      | Found a glowing drain.
   363 | Sewer    | Entered a sewer
   456 | Sewer    | Reached XP level 5. HP: 24/32 MP: 5/5
   578 | Sewer    | Noticed a malarious merfolk avatar
   592 | Sewer    | Reached skill level 5 in Axes
   603 | Sewer    | Killed a malarious merfolk avatar
   843 | D:4      | Noticed a phantom
   888 | D:4      | Killed a phantom
   888 | D:4      | Reached skill level 6 in Axes
   888 | D:4      | Reached XP level 6. HP: 34/37 MP: 6/6
  1061 | D:5      | Entered Level 5 of the Dungeon
  1065 | D:5      | Reached XP level 7. HP: 33/41 MP: 7/7
  1093 | D:5      | Reached skill level 7 in Axes
  1496 | D:6      | Reached XP level 8. HP: 48/48 MP: 8/8
  1712 | D:7      | Noticed Amnesiac's ghost (novice SpWn)
  1734 | D:7      | Reached skill level 8 in Axes
  1742 | D:7      | Found Puesina's Gadget Shoppe.
  2054 | D:7      | Noticed Menkaure
  2065 | D:7      | Killed Menkaure
  2065 | D:7      | Reached skill level 5 in Fighting
  2065 | D:7      | Reached skill level 5 in Armour
  2065 | D:7      | Reached skill level 5 in Shields
  2095 | D:7      | Found a staircase to the Ecumenical Temple.
  2101 | Temple   | Entered the Ecumenical Temple
  2203 | D:7      | Quit the game

Vault maps used:
D:1:      minmay_arrival_open_corners
D:2:      lemuel_coloured_pillars_altar, first_ration,
          chequers_ecumenical_altar_grove, uniq_crazy_yiuf_cottage
D:3:      lightli_sewer_entry_pipes
D:4:      old_standard_altar, serial_co_window_serial, co_window_paths_b,
          co_window_paths_b, co_window_paths_b, co_window_of_opportunity_a,
          co_window_corner_a, co_window_paths_a, co_window_broadway_a,
          co_window_broadway_b, co_window_paths_c, glass_columns_a
D:6:      grunt_temple_overflow_lords_of_destruction, kennysheep_mini,
          minmay_misc_feat_more_columns, serial_bayou_lake_a, uniq_edmund
D:7:      minmay_temple_entry_enclosed_plants, serial_shops, shop,
          gammafunk_ghost_grave, uniq_duvessa, uniq_menkaure
D:8:      overflow_temple_1_default, ashenzari_altar_1, zin_purify, uniq_psyche
Temple:   minmay_temple_bridge_abc
Sewer:    sewer_sea

Skill      XL: |  1  2  3  4  5  6  7  8 |
---------------+-------------------------+-----
Axes           | 2 3 4 6 7 8 |  8.4
Fighting       | 4 5 |  5.0
Armour         | 4 5 |  5.0
Shields        | 4 5 |  5.0

Action                   |  1- 3 |  4- 6 |  7- 9 || total
-------------------------+-------+-------+-------++-------
Melee: War axe           |    90 |   254 |   149 ||   493
Evoke: Wand              |       |       |     2 ||     2
  Use: Potion            |       |     2 |       ||     2
       Scroll            |       |       |     7 ||     7
  Eat: Chunk             |       |     2 |     2 ||     4
Armor: Scale mail        |    18 |       |       ||    18
       Plate armour      |    34 |   209 |   104 ||   347
Dodge: Dodged            |    23 |    44 |    23 ||    90
Block: Shield            |    30 |   147 |    63 ||   240

Table legend:
 A = Spawn XP
 B = Non-spawn XP
 C = Spawn XP percentage of total XP
 D = Spawn monster count
 E = Non-spawn monster count
 F = Spawn count percentage of total count
 G = Total turns spent on level
                    A         B        C        D         E        F      G
               +---------+---------+-------+---------+---------+-------+---------
         Total |       0 |    2248 |   0.0 |       0 |     128 |   0.0 |  2203
               +---------+---------+-------+---------+---------+-------+---------
           D:1 |       0 |       3 |   0.0 |       0 |       2 |   0.0 |    36
           D:2 |       0 |      60 |   0.0 |       0 |      21 |   0.0 |   280
           D:3 |       0 |     205 |   0.0 |       0 |      22 |   0.0 |   328
           D:4 |       0 |     177 |   0.0 |       0 |       7 |   0.0 |   165
           D:5 |       0 |     412 |   0.0 |       0 |      13 |   0.0 |   357
           D:6 |       0 |     475 |   0.0 |       0 |      13 |   0.0 |   365
           D:7 |       0 |     558 |   0.0 |       0 |       6 |   0.0 |   318
           D:8 |       0 |     203 |   0.0 |       0 |       4 |   0.0 |    18
         Sewer |       0 |     155 |   0.0 |       0 |      40 |   0.0 |   268
               +---------+---------+-------+---------+---------+-------+---------
